[ AOE2 MATCH · #505410733 ]
UnrankedPortuguese vs Armenians
Rival team · LOSS
[ REPLAY ANALYSIS · EXTRACTED FROM THE RECORDED GAME ]
Feudal
8:47
Castle
26:48
Imperial
—
| APM avg | 78.1 |
| APM peak | 136 |
| eAPM avg | 33.6 |
| Villagers / military | 71 / 87 |
Focus
⚔️ 51.2% · 🌾 48.8%
Archer ×71 · Scout Cavalry ×11 · Militia ×4 · Spearman ×1
Feudal
8:51
Castle
23:50
Imperial
—
| APM avg | 79.4 |
| APM peak | 105 |
| eAPM avg | 21.1 |
| Villagers / military | 57 / 53 |
Focus
⚔️ 39.2% · 🌾 60.8%
Archer ×23 · Skirmisher ×13 · Scout Cavalry ×7 · Spearman ×4 · Knight ×3 · Mangonel ×2
Match map
Initial resources + every placement click. Lines = walls · curves = elevation contours. ◆ gold · ⬟ stone · ● berries · ✦ relic · ◌ wall gap
Your base· Open — opponent sealed themselves in
静雅's base· ✓ Closed at 23:50 · 53t walls · no gate
Smoothed initial terrain · ◌ = detected wall gap · hover for details
Inputs per minute
— Pathing - - 静雅
Build order — Pathing
First 150 of 283 actions detected
| 0:00 | Queue | Villager (Male) |
| 0:00 | Queue | Villager (Male) |
| 0:01 | Build | House |
| 0:02 | Build | House |
| 0:15 | Queue | Villager (Male) |
| 0:15 | Queue | Villager (Male) |
| 0:16 | Queue | Villager (Male) |
| 1:25 | Queue | Villager (Male) |
| 1:26 | Queue | Villager (Male) |
| 1:26 | Queue | Villager (Male) |
| 1:46 | Build | Lumber Camp |
| 1:50 | Queue | Villager (Male) |
| 2:15 | Queue | Villager (Male) |
| 2:45 | Queue | Villager (Male) |
| 2:59 | Build | House |
| 3:10 | Queue | Villager (Male) |
| 3:35 | Queue | Villager (Male) |
| 3:36 | Queue | Villager (Male) |
| 3:59 | Queue | Villager (Male) |
| 3:59 | Queue | Villager (Male) |
| 3:59 | Queue | Villager (Male) |
| 4:29 | Queue | Villager (Male) |
| 4:29 | Queue | Villager (Male) |
| 4:39 | Queue | Villager (Male) |
| 4:39 | Research | Loom |
| 5:12 | Queue | Villager (Male) |
| 5:13 | Research | Loom |
| 5:30 | Build | Barracks |
| 5:41 | Build | House |
| 6:25 | Build | House |
| 6:37 | Research | Feudal Age |
| 6:52 | Queue | Militia |
| 6:52 | Queue | Militia |
| 7:06 | Queue | Militia |
| 7:25 | Queue | Militia |
| 8:05 | Build | Mining Camp |
| 8:20 | Queue | Villager (Male) |
| 8:47 | Age | Feudal Age |
| 8:49 | Research | Man-at-Arms (upgrade) |
| 9:03 | Queue | Villager (Male) |
| 9:14 | Build | Archery Range |
| 9:20 | Queue | Villager (Male) |
| 9:47 | Research | Double-Bit Axe |
| 9:50 | Queue | Villager (Male) |
| 10:01 | Build | House |
| 10:09 | Queue | Archer |
| 10:11 | Queue | Archer |
| 10:12 | Build | Palisade Wall |
| 10:13 | Build | Palisade Wall |
| 10:14 | Build | Palisade Wall |
| 10:14 | Build | Palisade Wall |
| 10:20 | Queue | Villager (Male) |
| 10:21 | Build | House |
| 10:23 | Build | Palisade Wall |
| 10:26 | Build | Palisade Wall |
| 10:28 | Build | Palisade Wall |
| 10:29 | Build | Palisade Wall |
| 10:32 | Queue | Villager (Male) |
| 10:47 | Queue | Archer |
| 10:51 | Build | Palisade Wall |
| 11:04 | Build | Mill |
| 11:15 | Queue | Archer |
| 11:36 | Build | Farm |
| 11:37 | Queue | Archer |
| 11:48 | Build | Farm |
| 11:52 | Queue | Villager (Male) |
| 11:52 | Queue | Villager (Male) |
| 11:58 | Queue | Archer |
| 12:05 | Build | Palisade Wall |
| 12:05 | Build | Palisade Wall |
| 12:06 | Build | Palisade Wall |
| 12:07 | Build | Palisade Wall |
| 12:08 | Build | Palisade Wall |
| 12:12 | Build | Palisade Wall |
| 12:13 | Build | Palisade Wall |
| 12:13 | Build | Palisade Wall |
| 12:14 | Build | Palisade Wall |
| 12:23 | Build | Farm |
| 12:23 | Queue | Villager (Male) |
| 12:24 | Queue | Villager (Male) |
| 12:24 | Queue | Archer |
| 12:36 | Queue | Archer |
| 12:38 | Build | Farm |
| 12:53 | Build | Palisade Wall |
| 12:54 | Build | Palisade Wall |
| 12:59 | Queue | Villager (Male) |
| 13:01 | Build | Farm |
| 13:07 | Queue | Archer |
| 13:11 | Build | Farm |
| 13:23 | Queue | Villager (Male) |
| 13:30 | Build | Palisade Wall |
| 13:31 | Build | Palisade Wall |
| 13:43 | Build | Palisade Wall |
| 13:44 | Build | Palisade Wall |
| 13:47 | Queue | Archer |
| 13:53 | Queue | Villager (Male) |
| 13:53 | Queue | Villager (Male) |
| 13:58 | Build | House |
| 13:59 | Build | Palisade Wall |
| 14:03 | Queue | Villager (Male) |
| 14:04 | Build | Farm |
| 14:06 | Build | Farm |
| 14:26 | Build | Stable |
| 14:28 | Queue | Villager (Male) |
| 14:39 | Build | House |
| 14:46 | Queue | Villager (Male) |
| 14:55 | Build | Farm |
| 15:11 | Build | Palisade Wall |
| 15:14 | Build | Palisade Wall |
| 15:18 | Build | Palisade Wall |
| 15:22 | Queue | Villager (Male) |
| 15:30 | Build | Blacksmith |
| 15:31 | Queue | Scout Cavalry |
| 15:33 | Queue | Scout Cavalry |
| 15:45 | Build | Farm |
| 15:48 | Queue | Villager (Male) |
| 15:51 | Queue | Archer |
| 16:04 | Build | House |
| 16:25 | Queue | Villager (Male) |
| 16:29 | Queue | Archer |
| 16:36 | Research | Fletching |
| 16:37 | Queue | Scout Cavalry |
| 16:45 | Queue | Villager (Male) |
| 16:46 | Queue | Archer |
| 16:49 | Build | House |
| 16:54 | Queue | Archer |
| 16:57 | Queue | Villager (Male) |
| 17:00 | Build | Farm |
| 17:11 | Build | Farm |
| 17:20 | Queue | Archer |
| 17:25 | Queue | Villager (Male) |
| 17:37 | Queue | Archer |
| 17:46 | Queue | Villager (Male) |
| 17:47 | Queue | Archer |
| 17:57 | Queue | Villager (Male) |
| 18:01 | Queue | Archer |
| 18:18 | Queue | Scout Cavalry |
| 18:21 | Build | House |
| 18:24 | Build | Farm |
| 18:26 | Build | Farm |
| 18:41 | Build | Stable |
| 18:45 | Queue | Archer |
| 18:48 | Queue | Scout Cavalry |
| 18:49 | Queue | Villager (Male) |
| 19:14 | Queue | Villager (Male) |
| 19:16 | Build | Farm |
| 19:18 | Research | Wheelbarrow |
| 19:42 | Build | Lumber Camp |
| 19:43 | Queue | Scout Cavalry |
| 19:44 | Queue | Scout Cavalry |
Build order — 静雅
First 150 of 185 actions detected
| 0:01 | Queue | Villager (Male) |
| 0:02 | Build | House |
| 0:03 | Build | House |
| 0:04 | Queue | Villager (Male) |
| 0:07 | Queue | Villager (Male) |
| 0:07 | Queue | Villager (Male) |
| 1:22 | Queue | Villager (Male) |
| 1:51 | Queue | Villager (Male) |
| 1:55 | Build | Mule Cart |
| 2:23 | Queue | Villager (Male) |
| 2:50 | Queue | Villager (Male) |
| 3:09 | Queue | Villager (Male) |
| 3:09 | Queue | Villager (Male) |
| 3:31 | Queue | Villager (Male) |
| 3:44 | Build | House |
| 3:49 | Queue | Villager (Male) |
| 3:56 | Build | House |
| 4:09 | Queue | Villager (Male) |
| 4:33 | Build | Palisade Wall |
| 4:53 | Build | Mill |
| 4:55 | Queue | Villager (Male) |
| 4:55 | Queue | Villager (Male) |
| 4:56 | Queue | Villager (Male) |
| 5:05 | Queue | Villager (Male) |
| 5:42 | Build | Palisade Wall |
| 5:58 | Build | Palisade Wall |
| 6:03 | Build | Palisade Wall |
| 6:11 | Research | Loom |
| 6:32 | Research | Feudal Age |
| 6:55 | Build | House |
| 7:49 | Build | Barracks |
| 7:53 | Build | Palisade Wall |
| 7:53 | Build | Palisade Wall |
| 8:11 | Queue | Villager (Male) |
| 8:15 | Build | Palisade Wall |
| 8:51 | Age | Feudal Age |
| 8:54 | Build | Stable |
| 9:00 | Build | Palisade Wall |
| 9:29 | Queue | Villager (Male) |
| 9:42 | Queue | Scout Cavalry |
| 9:54 | Queue | Spearman |
| 9:57 | Research | Double-Bit Axe |
| 10:05 | Queue | Villager (Male) |
| 10:10 | Build | Palisade Wall |
| 10:11 | Build | Palisade Wall |
| 10:23 | Queue | Villager (Male) |
| 11:00 | Queue | Villager (Male) |
| 11:06 | Queue | Scout Cavalry |
| 11:10 | Queue | Villager (Male) |
| 11:22 | Build | Palisade Wall |
| 11:30 | Build | Farm |
| 11:37 | Build | Archery Range |
| 11:44 | Queue | Villager (Male) |
| 11:52 | Queue | Villager (Male) |
| 12:03 | Build | Mule Cart |
| 12:19 | Build | House |
| 12:23 | Queue | Skirmisher |
| 12:25 | Build | Palisade Wall |
| 12:42 | Queue | Villager (Male) |
| 12:46 | Build | Farm |
| 12:50 | Build | House |
| 12:53 | Queue | Scout Cavalry |
| 13:09 | Queue | Villager (Male) |
| 13:20 | Build | Farm |
| 13:35 | Queue | Villager (Male) |
| 13:36 | Queue | Skirmisher |
| 13:37 | Build | Farm |
| 13:56 | Queue | Villager (Male) |
| 13:57 | Queue | Skirmisher |
| 13:59 | Build | Farm |
| 14:09 | Queue | Skirmisher |
| 14:17 | Queue | Villager (Male) |
| 14:31 | Build | Blacksmith |
| 14:53 | Queue | Villager (Male) |
| 14:59 | Build | House |
| 15:02 | Build | Farm |
| 15:04 | Queue | Skirmisher |
| 15:07 | Build | House |
| 15:08 | Build | House |
| 15:11 | Queue | Villager (Male) |
| 15:14 | Queue | Skirmisher |
| 15:23 | Build | Mule Cart |
| 15:25 | Research | Fletching |
| 15:42 | Queue | Villager (Male) |
| 15:43 | Build | Farm |
| 15:51 | Build | Farm |
| 15:57 | Queue | Skirmisher |
| 16:05 | Build | Farm |
| 16:18 | Queue | Skirmisher |
| 16:29 | Queue | Villager (Male) |
| 16:33 | Build | Farm |
| 16:34 | Build | Farm |
| 16:49 | Queue | Villager (Male) |
| 16:50 | Queue | Skirmisher |
| 16:58 | Build | Farm |
| 17:00 | Build | Farm |
| 17:09 | Build | Farm |
| 17:16 | Queue | Scout Cavalry |
| 17:36 | Queue | Skirmisher |
| 17:45 | Queue | Villager (Male) |
| 18:10 | Queue | Villager (Male) |
| 18:11 | Queue | Skirmisher |
| 18:17 | Queue | Scout Cavalry |
| 18:34 | Queue | Scout Cavalry |
| 18:35 | Queue | Villager (Male) |
| 18:37 | Build | Farm |
| 18:39 | Build | Farm |
| 18:40 | Build | Farm |
| 18:42 | Build | Farm |
| 18:46 | Queue | Skirmisher |
| 19:07 | Queue | Villager (Male) |
| 19:11 | Build | Mule Cart |
| 19:22 | Queue | Villager (Male) |
| 19:25 | Build | Farm |
| 19:36 | Queue | Scout Cavalry |
| 19:38 | Queue | Villager (Male) |
| 19:40 | Build | Market |
| 20:01 | Queue | Villager (Male) |
| 20:43 | Build | House |
| 20:45 | Build | House |
| 21:06 | Queue | Spearman |
| 21:10 | Research | Castle Age |
| 21:18 | Queue | Skirmisher |
| 21:24 | Queue | Archer |
| 21:29 | Research | Horse Collar |
| 22:00 | Research | Padded Archer Armor |
| 22:07 | Queue | Spearman |
| 22:55 | Queue | Spearman |
| 22:58 | Build | Archery Range |
| 23:07 | Queue | Archer |
| 23:30 | Queue | Archer |
| 23:40 | Queue | Archer |
| 23:45 | Research | Gold Mining |
| 23:50 | Age | Castle Age |
| 23:55 | Research | Crossbowman (upgrade) |
| 24:04 | Research | Bodkin Arrow |
| 24:06 | Queue | Knight |
| 24:07 | Queue | Villager (Male) |
| 24:34 | Queue | Villager (Male) |
| 24:39 | Build | Monastery |
| 24:46 | Queue | Archer |
| 24:47 | Queue | Archer |
| 24:54 | Queue | Knight |
| 24:54 | Queue | Villager (Male) |
| 25:06 | Queue | Archer |
| 25:07 | Queue | Archer |
| 25:09 | Queue | Villager (Male) |
| 25:17 | Queue | Warrior Priest |
| 25:37 | Queue | Villager (Male) |
| 25:42 | Queue | Archer |
Match timeline
| 4:33 | 静雅 · wall_segment Palisade Wall x10 |
| 5:30 | Pathing · first_building Barracks |
| 5:42 | 静雅 · wall_segment Palisade Wall x5 |
| 5:58 | 静雅 · wall_segment Palisade Wall x5 |
| 6:03 | 静雅 · wall_segment Palisade Wall x5 |
| 7:49 | 静雅 · first_building Barracks |
| 7:53 | 静雅 · wall_segment Palisade Wall x1 |
| 7:53 | 静雅 · wall_segment Palisade Wall x1 |
| 8:15 | 静雅 · wall_segment Palisade Wall x7 |
| 8:47 | Pathing · age_up feudal |
| 8:51 | 静雅 · age_up feudal |
| 8:54 | 静雅 · first_building Stable |
| 9:00 | 静雅 · wall_segment Palisade Wall x1 |
| 9:14 | Pathing · first_building Archery Range |
| 10:10 | 静雅 · wall_segment Palisade Wall x1 |
| 10:11 | 静雅 · wall_segment Palisade Wall x9 |
| 10:12 | Pathing · wall_segment Palisade Wall x1 |
| 10:13 | Pathing · wall_segment Palisade Wall x1 |
| 10:14 | Pathing · wall_segment Palisade Wall x1 |
| 10:14 | Pathing · wall_segment Palisade Wall x1 |
| 10:23 | Pathing · wall_segment Palisade Wall x4 |
| 10:26 | Pathing · wall_segment Palisade Wall x1 |
| 10:28 | Pathing · wall_segment Palisade Wall x3 |
| 10:29 | Pathing · wall_segment Palisade Wall x1 |
| 10:51 | Pathing · wall_segment Palisade Wall x1 |
| 11:22 | 静雅 · wall_segment Palisade Wall x9 |
| 11:37 | 静雅 · first_building Archery Range |
| 12:05 | Pathing · wall_segment Palisade Wall x1 |
| 12:05 | Pathing · wall_segment Palisade Wall x1 |
| 12:06 | Pathing · wall_segment Palisade Wall x1 |
| 12:07 | Pathing · wall_segment Palisade Wall x1 |
| 12:08 | Pathing · wall_segment Palisade Wall x1 |
| 12:12 | Pathing · wall_segment Palisade Wall x1 |
| 12:13 | Pathing · wall_segment Palisade Wall x1 |
| 12:13 | Pathing · wall_segment Palisade Wall x1 |
| 12:14 | Pathing · wall_segment Palisade Wall x1 |
| 12:25 | 静雅 · wall_segment Palisade Wall x1 |
| 12:53 | Pathing · wall_segment Palisade Wall x1 |
| 12:54 | Pathing · wall_segment Palisade Wall x1 |
| 13:30 | Pathing · wall_segment Palisade Wall x1 |
| 13:31 | Pathing · wall_segment Palisade Wall x1 |
| 13:43 | Pathing · wall_segment Palisade Wall x1 |
| 13:44 | Pathing · wall_segment Palisade Wall x1 |
| 13:59 | Pathing · wall_segment Palisade Wall x1 |
| 14:26 | Pathing · first_building Stable |
| 15:11 | Pathing · wall_segment Palisade Wall x2 |
| 15:14 | Pathing · wall_segment Palisade Wall x1 |
| 15:18 | Pathing · wall_segment Palisade Wall x1 |
| 19:53 | Pathing · wall_segment Palisade Wall x1 |
| 19:54 | Pathing · wall_segment Palisade Wall x1 |
| 20:31 | 静雅 · first_market_buy 100 food |
| 20:32 | 静雅 · first_market_sell 100 wood |
| 21:28 | Pathing · wall_segment Palisade Wall x2 |
| 23:50 | 静雅 · age_up castle |
| 24:00 | Pathing · first_market_sell 100 stone |
| 24:00 | Pathing · first_market_buy 100 food |
| 24:39 | 静雅 · first_building Monastery |
| 26:48 | Pathing · age_up castle |
| 27:00 | 静雅 · first_building Siege Workshop |
| 31:29 | 静雅 · resign |
[ AI ANALYSIS · 1 CREDIT ]
What really happened in this match?
Wolo.gg analyzes every decision: build order, eco, micro, common mistakes by bracket. Personalized analysis on WhatsApp or Discord in 30 seconds.
Civ guide
Portuguese
Perfil
Jugador #2573480